 Dungeon Crawl Stone Soup version 0.26.0-18-gc5c842f807 (webtiles) character file.

Game seed: 10583284277028075469

55 thiole the Sneak (level 3, -1/21 HPs)
             Began as an Octopode Hedge Wizard on Jan 23, 2021.
             Slain by a gnoll (4 damage)
             ... on level 2 of the Dungeon.
             The game lasted 00:02:27 (1122 turns).

thiole the Sneak (Octopode Hedge Wizard)            Turns: 1122, Time: 00:02:28

Health: -1/21      AC:  1    Str:  9    XL:     3   Next: 93%
Magic:  3/7        EV: 13    Int: 17    God:
Gold:   16         SH:  0    Dex: 11    Spells: 0/8 levels left

rFire    . . .     SeeInvis .   a - +0 dagger
rCold    . . .     Faith    .   (no shield)
rNeg     . . .     Spirit   .   b - +0 hat
rPois    .         Reflect  .   (no amulet)
rElec    .         Harm     .   (no ring)
rCorr    .         Rampage  .   (no ring)
Will     .....                  (no ring)
Stlth    +++.......             (no ring)
HPRegen  0.07/turn              (no ring)
MPRegen  0.10/turn              (no ring)
                                (no ring)
                                (no ring)

@: no status effects
A: almost no armour, stealthy swim, amphibious, 8 rings, constrict 8, camouflage
1, gelatinous body 1
a: no special abilities


You were on level 2 of the Dungeon.
You visited 1 branch of the dungeon, and saw 2 of its levels.

You collected 16 gold pieces.

Inventory:

Hand Weapons
 a - a +0 dagger (weapon)
Armour
 b - a +0 hat (worn)
Scrolls
 c - a scroll of teleportation {unknown}
 d - 3 scrolls of remove curse {unknown}
 e - 3 scrolls of identify {unknown}
 g - a scroll of amnesia {unknown}
Potions
 f - a potion of curing {unknown}


   Skills:
 - Level 2.0 Dodging
 + Level 3.3 Stealth
 + Level 3.3 Spellcasting
 * Level 2.1 Conjurations
 - Level 2.0 Summonings
 - Level 1.0 Translocations
 * Level 0.5 Air Magic


You couldn't memorise any spells.
You knew the following spells:

 Your Spells              Type           Power        Failure   Level
a - Magic Dart            Conj           40%          7%          1
b - Call Imp              Summ           9%           12%         2
c - Blink                 Tloc           N/A          17%         2
d - Mephitic Cloud        Conj/Pois/Air  5%           34%         3

Your spell library contained the following spells:

 Spells                   Type           Power        Failure   Level
 Slow                     Hex            2%           26%         2
 Conjure Flame            Conj/Fire      6%           32%         3


Dungeon Overview and Level Annotations

Branches:
Dungeon (2/15)

Altars:


Innate Abilities, Weirdness & Mutations

You cannot wear most types of armour.
You are very stealthy in the water. (Stealth+)
You are amphibious.
You can wear up to eight rings at the same time.
You can use your tentacles to constrict eight enemies at once.
Your skin changes colour to match your surroundings (Stealth+).
Your rubbery body absorbs attacks. (AC +1, EV +1)


Message History

Casting: Call Imp (safe; 12% risk of failure)
Confirm with . or Enter, or press ? or * to list all spells.
You don't have enough magic to cast that spell.
Found a scroll labelled PAWAXK BOUBB.
You see here a scroll labelled PAWAXK BOUBB.
An adder comes into view.
Found 3 large rocks.
You completely miss the gnoll. You grab the gnoll.
The gnoll is lightly wounded.
You constrict the gnoll, but do no damage.
The gnoll hits you.
* * * LOW HITPOINT WARNING * * *
You hit the gnoll but do no damage.
The gnoll is lightly wounded.
You constrict the gnoll. The gnoll hits you.
* * * LOW HITPOINT WARNING * * *
You hit the gnoll but do no damage.
The gnoll is moderately wounded.
You constrict the gnoll. The gnoll hits you.
You die...

......
#)#.....#
.....#
#g#......
####.# #.#
...# # #g#
#.# #####g#
#.....#
#g#########
#.#?...g@.#
#.#.#####.#
#...# .#
##### S# .#
.# .# (#


You could see a gnoll and an adder (asleep).

Vanquished Creatures
  Jessica (D:2)
  A gnoll (D:2)
  A leopard gecko (D:2)
  2 ball pythons
  A goblin (D:2)
  3 hobgoblins
  2 jackals (D:2)
  2 frilled lizards (D:1)
  A kobold (D:2)
  A rat (D:1)
15 creatures vanquished.

Vanquished Creatures (collateral kills)
  A gnoll (D:2)
1 creature vanquished.

Grand Total: 16 creatures vanquished

Notes
Turn   | Place    | Note
-------+----------+-------------------------------------------
     0 | D:1      | thiole the Octopode Hedge Wizard began the quest for the
                  | Orb.
     0 | D:1      | Reached XP level 1. HP: 11/11 MP: 4/4
   600 | D:2      | Noticed Jessica
   664 | D:2      | Reached XP level 2. HP: 15/17 MP: 1/6
   673 | D:2      | Killed Jessica
   674 | D:2      | Reached XP level 3. HP: 7/21 MP: 1/7
  1009 | D:2      | Learned a level 2 spell: Call Imp
  1012 | D:2      | Learned a level 2 spell: Blink
  1016 | D:2      | Learned a level 3 spell: Mephitic Cloud
  1122 | D:2      | Slain by a gnoll

Illustrated notes

Levels and vault maps discovered:
D:1:      lightli_arrival_windingriver, layout_basic
D:2:      layout_basic, serial_corexii_hall, chequers_hall_statues_wall_a,
          chequers_hall_statues_corner_a, uniq_jessica

Skill      XL: |  1  2  3 |
---------------+----------+-----
Stealth        | 3 |  3.3
Summonings     | 2 |  2.0
Conjurations   | 2 |  2.1
Dodging        | |  2.0
Spellcasting   | |  3.3
Translocations | |  1.0
Air Magic      | |  0.5

Action                   || total
-------------------------++-------
Melee: Dagger            ||    21
       Constrict         ||     4
       Tentacles         ||     2
 Cast: Magic Dart        ||    30
       Call Imp          ||     3
Armor: Skin              ||     1
Dodge: Dodged            ||    14
